Map: Undercurrent LE

Players

Ekelpack

  • Race: Zerg Zerg
  • Spawn Location: 7:00

Nyck

  • Race: Terran Terran
  • Spawn Location: 7:00

MKing - Winner!

  • Race: Terran Terran
  • Spawn Location: 3:00

Zorli - Winner!

  • Race: Protoss Protoss
  • Spawn Location: 1:00

VOD

Have the link to the VOD?

Description

Time

  • Played on: Feb. 4, 2025, 3:11 p.m.
  • Length: 7:55
Show
View Real Time Build Order
Export as new Build Order

Ekelpack Zerg 

Build Orders: Hatch First 

Get SALT Encoding   

  12  0:00  Drone  
  13  0:12  Overlord  
  13  0:18  Drone  
  14  0:31  Drone x2  
  14  0:35  Drone  
  17  0:52  Hatchery  
  17  0:54  Drone  
  17  0:57  Extractor  
  17  0:58  Drone  
  17  1:13  Spawning Pool  
  17  1:16  Drone  
  17  1:24  Drone  
  18  1:29  Drone  
  19  1:41  Drone  
  20  1:50  Overlord  
  20  2:01  Queen  
  20  2:03  Metabolic Boost  
  22  2:09  Queen  
  22  2:13  Zergling x2  
  22  2:15  Drone  
  26  2:18  Drone  
  26  2:22  Drone  
  28  2:26  Drone  
  28  2:29  Drone  
  30  2:37  Lair  
  30  2:41  Drone  
  31  2:46  Extractor  
  31  2:49  Drone  
  31  2:50  Drone  
  31  2:51  Drone  
  33  2:54  Overlord  
  33  2:58  Overlord  
  32  3:09  Extractor  
  31  3:19  Drone x2  
  34  3:20  Drone x2  
  34  3:23  Zergling x2  
  34  3:24  Zergling x2  
  37  3:31  Drone  
  38  3:35  Extractor  
  38  3:38  Drone  
  38  3:39  Spire  
  38  3:41  Drone x3  
  40  3:53  Drone  
  41  3:56  Drone x4  
  41  4:02  Queen  
  47  4:04  Overlord  
  47  4:12  Overlord x2  
  47  4:50  Mutalisk x6  
  47  4:51  Mutalisk x3  
  65  5:03  Zerg Flyer Weapons Level 1  
  65  5:07  Drone x2  
  67  5:11  Hatchery  
  66  5:29  Infestation Pit  
  66  5:35  Overlord x2  
  65  5:38  Drone  
  66  5:56  Corruptor x2  
  66  5:57  Corruptor x3  
  66  5:59  Zergling x4  
  66  6:00  Zergling x2  
  79  6:07  Corruptor  
  81  6:26  Drone x4  
  85  6:42  Drone  
  85  6:43  Drone x4  
  90  6:54  Corruptor x3  
  96  7:17  Zergling x4  
  96  7:19  Overlord x3  
Show
View Real Time Build Order
Export as new Build Order

Nyck Terran 

Build Orders:  

Get SALT Encoding   

  12  0:00  SCV  
  13  0:12  SCV  
  14  0:18  Supply Depot  
  14  0:26  SCV  
  15  0:40  SCV  
  16  0:42  Barracks  
  16  0:51  Refinery  
  16  0:53  SCV  
  17  1:05  SCV  
  18  1:17  SCV  
  19  1:30  SCV  
  20  1:35  Barracks Reactor  
  20  1:44  Orbital Command  
  20  1:45  Command Center  
  20  1:57  Refinery  
  20  2:12  Reaper x2  
  22  2:17  Supply Depot  
  22  2:20  SCV  
  23  2:35  Refinery  
  23  2:39  SCV  
  23  2:41  Supply Depot  
  24  2:45  Reaper x2  
  24  2:50  Engineering Bay  
  26  2:51  SCV  
  26  2:58  Orbital Command  
  27  3:03  SCV  
  28  3:15  SCV  
  28  3:17  Reaper x2  
  31  3:25  SCV  
  32  3:27  SCV  
  33  3:37  SCV  
  34  3:42  SCV  
  35  3:49  Reaper x2, SCV  
  35  3:54  SCV  
  39  4:00  Terran Infantry Weapons Level 1  
  39  4:01  SCV  
  40  4:03  Engineering Bay  
  40  4:06  SCV, Factory  
  40  4:09  Refinery  
  41  4:13  SCV  
  42  4:20  SCV  
  42  4:25  SCV  
  43  4:32  SCV, Terran Infantry Armor Level 1  
  43  4:38  SCV  
  45  4:39  Supply Depot  
  45  4:45  SCV  
  46  4:50  SCV  
  47  4:57  SCV  
  47  4:58  Command Center  
  48  5:02  SCV  
  48  5:05  Marine x2  
  51  5:09  SCV  
  50  5:14  SCV  
  50  5:21  SCV  
  48  5:26  SCV  
  49  5:33  SCV  
  48  5:38  SCV  
  48  5:41  Missile Turret  
  49  5:44  Missile Turret  
  49  5:47  Missile Turret  
  49  5:50  SCV x2  
  51  6:00  Starport  
  51  6:01  Starport  
  51  6:09  SCV x2  
  53  6:13  Orbital Command  
  53  6:21  SCV x2  
  55  6:27  Refinery  
  55  6:29  Refinery  
  55  6:37  Starport  
  55  6:39  Starport Reactor x2  
  55  6:40  Armory  
  55  6:45  Armory  
  55  6:50  SCV x3  
  58  7:02  SCV x3  
  49  7:18  SCV  
  49  7:19  SCV  
  49  7:20  Starport Reactor  
  49  7:22  Viking x3  
  55  7:23  Viking  
  57  7:30  Marine x2  
Show
View Real Time Build Order
Export as new Build Order

MKing Terran - Winner!

Build Orders: Gas First Reaper Expand 

Get SALT Encoding   

  12  0:00  SCV  
  13  0:12  SCV  
  14  0:17  Supply Depot  
  14  0:24  SCV  
  15  0:30  Refinery  
  15  0:39  SCV  
  16  0:45  Barracks  
  16  0:51  SCV  
  17  1:03  SCV  
  18  1:15  SCV  
  19  1:32  Orbital Command  
  19  1:33  Reaper  
  20  1:55  Command Center  
  20  1:59  SCV  
  21  2:08  Barracks Reactor  
  21  2:14  Factory  
  21  2:21  Supply Depot  
  21  2:41  SCV  
  22  2:45  Refinery  
  22  2:47  Marine x2  
  24  2:53  SCV, Supply Depot  
  25  3:01  Factory Tech Lab  
  25  3:05  Barracks  
  25  3:27  Marine x2  
  25  3:28  Siege Tank  
  25  3:30  Orbital Command  
  30  3:48  Marine x2  
  33  3:55  SCV x2  
  33  3:58  Marine  
  35  4:09  Marine  
  35  4:10  Siege Tank, Marine  
  40  4:28  Marine x2  
  41  4:31  Barracks Tech Lab  
  41  4:36  Starport  
  41  4:40  SCV  
  41  4:41  SCV  
  43  4:49  Marine x2  
  43  4:50  Siege Tank  
  48  4:53  Marine  
  48  4:55  Stimpack  
  49  5:00  SCV x2  
  49  5:03  Supply Depot  
  49  5:05  Supply Depot  
  51  5:14  Orbital Command  
  51  5:25  Starport Reactor  
  51  5:26  Marine x2  
  51  5:27  Siege Tank, Marine  
  57  5:35  SCV  
  57  5:40  SCV  
  59  5:44  Marine  
  59  5:48  SCV  
  61  5:52  SCV  
  61  5:56  Marine  
  61  5:57  Marine  
  63  6:02  Marine  
  65  6:04  Medivac, Engineering Bay  
  65  6:05  Medivac  
  65  6:06  Engineering Bay  
  65  6:10  Supply Depot  
  67  6:19  SCV x2  
  69  6:25  Marine  
  69  6:31  Supply Depot  
  69  6:32  SCV x2, Marine x2  
  74  6:37  Medivac x2  
  78  6:50  Missile Turret  
  78  6:52  Missile Turret, Marine x2  
  78  6:53  SCV  
  81  6:55  Supply Depot  
  81  6:57  Supply Depot  
  81  7:04  Marine  
  82  7:10  Marine x2  
  84  7:22  Marine  
  85  7:23  Siege Tank  
  85  7:28  Marine x2  
Show
View Real Time Build Order
Export as new Build Order

Zorli Protoss - Winner!

Build Orders: 1 Gate Expand, Phoenix Opening 

Get SALT Encoding   

  12  0:02  Probe  
  13  0:14  Probe  
  14  0:21  Pylon  
  14  0:26  Probe  
  15  0:39  Probe  
  16  0:44  Gateway  
  16  0:51  Probe  
  16  0:52  Assimilator  
  17  1:19  Nexus  
  17  1:25  Probe  
  18  1:33  Cybernetics Core  
  18  1:41  Assimilator, Probe  
  19  1:54  Probe  
  20  2:06  Probe  
  21  2:13  Stargate  
  21  2:16  Pylon  
  21  2:21  Probe  
  21  2:22  Protoss Air Weapons Level 1  
  22  2:31  Probe  
  22  2:34  Probe  
  24  2:40  Assimilator  
  24  2:43  Probe  
  25  2:46  Probe  
  26  2:55  Probe  
  26  2:58  Phoenix, Probe  
  30  3:07  Probe  
  30  3:09  Assimilator  
  30  3:10  Probe  
  32  3:18  Phoenix  
  32  3:19  Probe  
  33  3:22  Probe  
  36  3:32  Probe  
  37  3:34  Probe  
  37  3:37  Phoenix  
  38  3:44  Probe  
  38  3:46  Probe  
  42  3:53  Stargate, Phoenix  
  44  4:15  Probe x2  
  44  4:16  Protoss Air Armor Level 1  
  46  4:29  Pylon  
  46  4:34  Pylon  
  46  4:41  Pylon  
  46  4:43  Pylon  
  46  4:47  Probe x2  
  56  4:53  Void Ray  
  56  4:58  Void Ray  
  56  5:21  Nexus  
  64  5:43  Assimilator, Probe  
  64  5:45  Probe  
  64  5:47  Assimilator  
  65  5:53  Phoenix  
  65  5:55  Probe  
  65  5:56  Phoenix  
  62  5:57  Probe  
  63  6:07  Probe  
  64  6:11  Fleet Beacon  
  64  6:14  Pylon  
  64  6:17  Phoenix  
  64  6:19  Phoenix  
  68  6:34  Phoenix  
  68  6:36  Phoenix  
  68  6:45  Probe x2  
  74  6:49  Assimilator  
  74  6:51  Probe  
  75  6:57  Probe x2  
  79  7:03  Probe  
  86  7:09  Probe  
  86  7:10  Probe  
  86  7:15  Probe  
  79  7:52  Nexus  
Tags
 
Add a new tag
Caveats
  • Supply blocks, unpowered buildings, or Contaminate may cause inaccurate times.
  • Supply counts are checked every 10 seconds.